 Dungeon Crawl Stone Soup version 0.27.1-33-g824d729ab1 (webtiles) character file.

Game seed: 9796871279086768984

95 AZnak the Ruffian (level 4, 0/36 HPs)
             Began as a Draconian Transmuter on Dec 5, 2021.
             Succumbed to a kobold brigand's poison
             ... in a sewer.
             The game lasted 00:08:49 (2299 turns).

AZnak the Ruffian (Draconian Transmuter)            Turns: 2299, Time: 00:08:50

Health: 0/36       AC:  5    Str: 14    XL:     4   Next: 40%
Magic:  5/7        EV: 12    Int: 19    God:
Gold:   103        SH:  0    Dex: 11    Spells: 2/8 levels left

rFire    . . .     SeeInvis .     - Unarmed
rCold    . . .     Faith    .   (no shield)
rNeg     . . .     Spirit   .   (armour unavailable)
rPois    .         Reflect  .   (helmet restricted)
rElec    .         Harm     .   (no cloak)
rCorr    .         Rampage  .   (no gloves)
Will     .....                  (no boots)
Stlth    +.........             (no amulet)
HPRegen  0.12/turn              b - +6 ring of intelligence
MPRegen  0.10/turn              e - ring of flight

@: lethally poisoned (0 -> -5), wereblooded, flying
A: AC +5, unfitting armour, cold-blooded
a: no special abilities


You were in a sewer.
You visited 1 branch of the dungeon, and saw 3 of its levels.
You also visited: Sewer.

You collected 103 gold pieces.

Inventory:

Hand Weapons
 a - a +2 hunting sling of freezing
Missiles
 h - 12 poisoned darts (quivered)
 i - 3 curare-tipped darts
Jewellery
 b - a +6 ring of intelligence (left hand)
 e - a ring of flight (right hand)
 j - a ring of ice
Scrolls
 c - a scroll of magic mapping {unknown}
Potions
 d - a potion of mutation {unknown}
 f - a potion of berserk rage {unknown}
 g - a potion of ambrosia {unknown}
 k - a potion of experience {unknown}
 l - a potion of brilliance {unknown}
 m - a potion of haste {unknown}
 n - a potion of magic {unknown}
 o - a potion of invisibility {unknown}


   Skills:
 + Level 2.2 Fighting
 + Level 2.4 Dodging
 + Level 3.4 Unarmed Combat
 + Level 2.5 Spellcasting
 + Level 2.7 Transmutations
 + Level 0.4 Poison Magic


You had 2 spell levels left.
You knew the following spells:

 Your Spells              Type           Power      Damage    Failure   Level
a - Beastly Appendage     Tmut           24%        N/A       5%          1
b - Wereblood             Tmut           12%        N/A       8%          2
c - Spider Form           Tmut/Pois      4%         N/A       26%         3

Your spell library contained the following spells:

 Spells                   Type           Power      Damage    Failure   Level
 Ice Form                 Ice/Tmut       7%         N/A       67%         4


Dungeon Overview and Level Annotations

Branches:
Dungeon (3/15)              Sewer (1/1)

Altars:


Innate Abilities, Weirdness & Mutations

Your plain brown scales are hard. (AC +5)
You cannot fit into any form of body armour.
You are cold-blooded and may be slowed by cold attacks.


Message History

Found four items.
Found a gate leading back out of this place.
The kobold hits you but does no damage.
There is a large open door here.
You hit the kobold.
You kill the kobold!
The kobold brigand completely misses you.
The kobold hits you but does no damage.
You punch the kobold!
You kill the kobold!
The kobold brigand closely misses you. The kobold hits you but does no damage.
You closely miss the kobold. You claw the kobold.
The kobold is moderately wounded.
The kobold misses you.
The kobold brigand hits you with a +1 short sword of flaming!
The kobold brigand burns you. The kobold hits you but does no damage.
You closely miss the kobold.
The kobold is moderately wounded.
You howl as the wereblood boils in your veins!
Your transformation is almost over.
The kobold hits you but does no damage.
The kobold brigand hits you with a +1 short sword of flaming.
The kobold brigand burns you.
You hit the kobold brigand.
The kobold brigand is lightly wounded.
The kobold hits you with a +0 club. The kobold completely misses you.
The kobold brigand barely misses you.
You closely miss the kobold brigand. The kobold closely misses you.
The kobold hits you with a +0 whip.
The kobold brigand hits you with a +1 short sword of flaming!
* * * LOW HITPOINT WARNING * * *
The kobold brigand burns you.
* * * LOW HITPOINT WARNING * * *
The kobold brigand throws a poisoned dart.
The poisoned dart closely misses you.
The kobold brigand throws a poisoned dart.
The poisoned dart hits you.
You are lethally poisoned!
Your horns disappear.
Your talons disappear.
You die...

######## ##......######
... ........#).!.# .P≈P
....≈.P≈).!..# ≈≈≈≈
≈...≈≈≈KK).∩.# ≈≈≈≈≈
≈.P.≈≈PK#K...#
#≈≈≈≈##########≈######
≈≈≈≈≈≈≈≈≈≈≈≈≈≈≈≈≈≈≈≈#
≈≈≈≈≈≈≈≈≈≈≈≈≈≈≈@≈≈≈≈≈#
≈≈≈≈≈≈≈≈≈≈≈≈≈≈≈≈≈≈≈≈≈≈#
#≈#≈#######≈##############
≈≈P≈≈≈..P≈P≈≈P≈P.≈≈≈#....#
≈≈≈≈≈...≈≈≈≈≈≈....≈≈'..∩.#
.P.≈.......≈≈P...≈≈))....#
....................#....#
.....P......P.†....#######
............†......#


There were no monsters in sight!

Vanquished Creatures
  4 adders
  A worm (D:2)
  2 dart slugs (D:1)
  An orc (D:3)
  8 bats
  2 endoplasms
  3 goblins
  5 hobgoblins
  2 jackals (D:1)
  A quokka (D:1)
  6 ball pythons
  5 frilled lizards
  9 kobolds
  8 rats
57 creatures vanquished.

Vanquished Creatures (others)
  3 plants (D:2)
3 creatures vanquished.

Grand Total: 60 creatures vanquished

Notes
Turn   | Place    | Note
-------+----------+-------------------------------------------
     0 | D:1      | AZnak the Draconian Transmuter began the quest for the Orb.
     0 | D:1      | Reached XP level 1. HP: 16/16 MP: 3/3
   377 | D:1      | Reached XP level 2. HP: 23/23 MP: 3/5
   380 | D:1      | Learned a level 2 spell: Wereblood
   442 | D:1      | Found a faded altar of an unknown god.
  1055 | D:2      | Reached XP level 3. HP: 29/29 MP: 4/6
  1685 | D:2      | Learned a level 3 spell: Spider Form
  1968 | D:3      | Reached XP level 4. HP: 36/36 MP: 3/7
  2029 | D:3      | Found a glowing drain.
  2036 | Sewer    | Entered a sewer
  2286 | Sewer    | Noticed a kobold brigand
  2299 | Sewer    | Succumbed to a kobold brigand's poison

Illustrated notes

Levels and vault maps discovered:
D:1:      eino_arrival_tree_alley, layout_loops_ring,
          hellmonk_ecumenical_altar_crossroads
D:2:      layout_basic, guppyfry_early_lair_pool
D:3:      layout_basic, lightli_sewer_entry_pipes
Sewer:    kennysheep_pipe_town

Skill      XL: |  1  2  3 |
---------------+----------+-----
Dodging        | 2 |  2.4
Fighting       | 2 |  2.2
Unarmed Combat | |  3.4
Spellcasting   | |  2.5
Transmutations | |  2.7
Poison Magic   | |  0.4

Action                   |  1- 3 |  4- 6 || total
-------------------------+-------+-------++-------
Melee: Unarmed           |   117 |    45 ||   162
       Kick              |    24 |     6 ||    30
       Tailslap          |     8 |     8 ||    16
       Headbutt          |     8 |     1 ||     9
       Punch             |     1 |       ||     1
 Cast: Beastly Appendage |    27 |     7 ||    34
       Wereblood         |     5 |     4 ||     9
 Stab: Sleeping          |     1 |       ||     1
Armor: Skin              |    46 |    24 ||    70
Dodge: Dodged            |    79 |    31 ||   110
